 Dungeon Crawl Stone Soup version 0.18.1-48-g4cf74bf (webtiles) character file.

1342 Krapule the Charmwright (level 8, 0/66 HPs)
             Began as a White Draconian Skald on July 6, 2016.
             Was an Initiate of Yredelemnul.
             Slain by an ogre
             ... wielding a +0 giant spiked club
              (11 damage)
             ... on level 6 of the Dungeon.
             The game lasted 00:19:43 (4289 turns).

Krapule the Charmwright (White Draconian Skald)     Turns: 4289, Time: 00:19:43

Health: 0/66       AC:  9    Str: 16    XL:     8   Next: 35%
Magic:  13/13      EV: 13    Int: 12    God:    Yredelemnul [......]
Gold:   290        SH:  0    Dex: 12    Spells: 2 memorised, 10 levels left

rFire  . . .     SeeInvis .     x - +5 mace "Tomapif" {distort, rC+}
rCold  + + +     Gourm    .     (armour unavailable)
rNeg   . . .     Faith    .     (no shield)
rPois  +         Spirit   .     (helmet restricted)
rElec  .         Dismiss  .     (no cloak)
rCorr  .         Reflect  .     C - +2 pair of gloves
SustAt .         Harm     .     (no boots)
MR     .....                    d - amulet of regeneration
Stlth  +.........               E - ring of protection from cold
                                r - ring of poison resistance

@: not resistant to hostile enchantments, very unstealthy
A: breathe frost, unfitting armour, cold resistance 1, cold-blooded, AC +6
a: Breathe Frost, Renounce Religion


You were on level 6 of the Dungeon.
You worshipped Yredelemnul.
Yredelemnul was noncommittal.
You were not hungry.

You visited 2 branches of the dungeon, and saw 7 of its levels.

You collected 290 gold pieces.

Inventory:

Hand Weapons
 a - a +0 spear
 t - a -1 glaive
 x - the +5 mace "Tomapif" (weapon) {distort, rC+}
   (You found it on level 4 of the Dungeon)

   It warps and distorts space around it.
   Unwielding it can cause banishment or high damage.
   It protects you from cold.
 I - a +0 scythe
 O - a +0 halberd
Armour
 C - a +2 pair of gloves (worn)
Jewellery
 d - an amulet of regeneration (around neck)
 r - a ring of poison resistance (left hand)
 E - a ring of protection from cold (right hand)
 M - an uncursed ring of fire
Wands
 l - a wand of slowing (48/48)
 H - a wand of flame (14/48)
Scrolls
 p - 2 scrolls of teleportation
 u - a scroll of amnesia {unknown}
 w - a scroll of magic mapping
 y - 2 scrolls of remove curse
 A - a scroll of noise {unknown}
 D - 2 scrolls of enchant armour
 F - a scroll of identify
 J - a scroll of fog {unknown}
 K - 3 scrolls of enchant weapon {unknown}
 N - a scroll of recharging
Potions
 e - 3 potions of curing {unknown}
 f - 2 potions of haste
 g - 2 potions of agility {unknown}
 h - a potion of ambrosia {unknown}
 i - 2 potions of invisibility {unknown}
 k - a potion of heal wounds {unknown}
 n - 2 potions of flight {unknown}
 o - a potion of beneficial mutation {unknown}
 q - 3 potions of might {unknown}
 z - a potion of degeneration {unknown}
 G - a potion of resistance {unknown}
 L - 2 potions of brilliance {unknown}
Books
 b - a book of Battle

   Spells                             Type                      Level
   a - Infusion                       Charms                       1
   b - Shroud of Golubria             Charms/Translocation         2
   c - Song of Slaying                Charms                       2
   d - Spectral Weapon                Hexes/Charms                 3
   e - Regeneration                   Charms/Necromancy            3
 B - a book of the Earth

   Spells                             Type                      Level
   a - Leda's Liquefaction            Hexes/Earth                  4
   b - Bolt of Magma                  Conjuration/Fire/Earth       5
   c - Statue Form                    Transmutation/Earth          6
   d - Iron Shot                      Conjuration/Earth            6
   e - Shatter                        Earth                        9
 P - a Grand Grimoire

   Spells                             Type                      Level
   a - Monstrous Menagerie            Summoning                    7
   b - Summon Greater Demon           Summoning                    7
   c - Malign Gateway                 Summoning/Translocation      7
   d - Summon Horrible Things         Summoning                    8
Comestibles
 c - 4 bread rations
 j - 9 fruits
 m - 3 meat rations
 s - a royal jelly
 v - 2 beef jerkies
 Q - 6 chunks of flesh


   Skills:
 + Level 4.0 Fighting
 * Level 5.1 Polearms
 * Level 4.4 Dodging
 - Level 0.4 Stealth
 + Level 3.8 Spellcasting
 * Level 5.2 Charms
 + Level 3.1 Invocations


You had 10 spell levels left.
You knew the following spells:

 Your Spells              Type           Power        Failure   Level  Hunger
a - Infusion              Chrm           ##..         2%          1    #......
z - Spectral Weapon       Hex/Chrm       #.......     24%         3    ###....


Dungeon Overview and Level Annotations

Branches:
Dungeon (6/15)             Temple (1/1) D:4

Altars:
Ashenzari
Cheibriados
Dithmenos
Elyvilon
Fedhas
Gozag
Kikubaaqudgha
Nemelex Xobeh
Pakellas
Qazlal
Ru
Sif Muna
Trog
Vehumet
Xom
Yredelemnul
The Shining One

Shops:
D:4 :

Annotations:
D:3 raikaria's ghost, amateur OgGl
D:6 Mesmaeker13's ghost, novice MfSu


Innate Abilities, Weirdness & Mutations

You can breathe waves of freezing cold.
You can buffet flying creatures when you breathe cold.
Your icy white scales are hard (AC +6).
Your body does not fit into most forms of armour.
Your flesh is cold resistant.
You are cold-blooded and may be slowed by cold attacks.


Message History

The ogre is lightly wounded.
The ogre disappears!
You open the door.
The ogre hits you with a giant spiked club.
You barely miss the ogre.
The ogre is lightly wounded.
The ogre hits you with a giant spiked club!
You hit the ogre.
Your tail-slap misses the ogre.
The ogre is moderately wounded.
The ogre hits you with a giant spiked club!!
You barely miss the ogre.
Your tail-slap misses the ogre.
The ogre is moderately wounded.
The ogre hits you with a giant spiked club!!
* * * LOW HITPOINT WARNING * * *
You are too injured to fight recklessly!
You sock the ogre!
Space bends around the ogre.
You tail-slap the ogre.
The ogre is almost dead.
The ogre hits you with a giant spiked club!
You die...
Your body rises from the dead as a mindless zombie.

#..........# #......
#########'## #...... #.# #.#
#...... #######'####.#
#...... #..........#.#
#####...... #..........#.#
#...#......
#..........#.#####...#......
#..........#.#(.............
#..........@O..........>....
#................#....#'####
#..........###.#.#....###
#..........# #.#.#....#
#..........# #.#.#....# ##
############ #.#.####.# #.
##.#.####.#####. ########
#...............
#......#######.######.######


You could see an ogre.

Vanquished Creatures
  Sigmund (D:5)
  An ice beast (D:6)
  An ogre (D:5)
  A phantom (D:4)
  3 centaurs (D:5)
  A scorpion (D:4)
  2 crimson imps (D:5)
  4 hounds
  An orc wizard (D:3)
  2 giant frog skeletons (D:5)
  An orc priest (D:3)
  3 worker ants (D:4)
  A hound skeleton (D:4)
  A howler monkey zombie (D:5)
  9 adders
  9 dart slugs (D:5)
  2 giant geckos
  10 orcs
  3 giant cockroaches
  A goblin (D:2)
  5 hobgoblins
  10 jackals
  2 kobolds
  5 quokkas
  5 bats
  4 giant newts
  A quokka skeleton (D:6)
  7 rats
96 creatures vanquished.

Vanquished Creatures (others)
  A wyvern (D:5)
  2 hounds
  A shadow imp (D:5)
  A dart slug (D:5)
  A spectral weapon (D:6)
6 creatures vanquished.

Grand Total: 102 creatures vanquished

Notes
Turn   | Place    | Note
--------------------------------------------------------------
     0 | D:1      | Krapule the Draconian Skald began the quest for the Orb.
     0 | D:1      | Reached XP level 1. HP: 17/17 MP: 3/3
   197 | D:1      | Reached XP level 2. HP: 19/24 MP: 5/5
   784 | D:2      | Reached XP level 3. HP: 30/30 MP: 6/6
   820 | D:2      | Found a stormy altar of Qazlal.
  1558 | D:3      | Reached XP level 4. HP: 21/37 MP: 4/8
  1799 | D:3      | Found a shattered altar of Ashenzari.
  1813 | D:3      | Reached XP level 5. HP: 37/44 MP: 9/9
  1895 | D:3      | Noticed raikaria's ghost (amateur OgGl)
  2078 | D:4      | Found a staircase to the Ecumenical Temple.
  2108 | D:4      | Noticed a phantom
  2125 | Temple   | Entered the Ecumenical Temple
  2133 | Temple   | Became a worshipper of Yredelemnul the Dark
  2235 | D:4      | Reached XP level 6. HP: 30/51 MP: 10/10
  2408 | D:4      | Reached skill level 1 in Invocations
  2461 | D:4      | Found Enlof's Book Shop.
  2479 | D:4      | Got a slimy mace
  2480 | D:4      | Identified the +5 mace "Tomapif" {distort, rC+} (You found it on level 4 of the Dungeon)
  2733 | D:5      | Entered Level 5 of the Dungeon
  2745 | D:5      | Noticed Sigmund
  2782 | D:5      | Your scales start taking on an icy white colour.
  2782 | D:5      | Reached XP level 7. HP: 46/57 MP: 11/11
  2782 | D:5      | Gained mutation: Your flesh is cold resistant. [White Draconian growth]
  2959 | D:5      | Found a bloodstained altar of Trog.
  2997 | D:5      | Killed Sigmund
  3169 | D:5      | Reached XP level 8. HP: 66/66 MP: 13/13
  3200 | D:5      | Found an oddly glowing altar of Pakellas.
  3200 | D:5      | Noticed an orange crystal statue
  3535 | D:6      | Learned a level 3 spell: Spectral Weapon
  3540 | D:6      | Reached skill level 5 in Charms
  3679 | D:6      | Reached skill level 5 in Polearms
  3894 | D:6      | Found a shattered altar of Ashenzari.
  3929 | D:6      | Found a sparkling altar of Nemelex Xobeh.
  3929 | D:6      | Found a sacrificial altar of Ru.
  3930 | D:6      | Found a shimmering altar of Xom.
  3931 | D:6      | Found a blossoming altar of Fedhas.
  3931 | D:6      | Found a deep blue altar of Sif Muna.
  3933 | D:6      | Found a shadowy altar of Dithmenos.
  3933 | D:6      | Found a white marble altar of Elyvilon.
  3934 | D:6      | Found a radiant altar of Vehumet.
  3999 | D:6      | Noticed Mesmaeker13's ghost (novice MfSu)
  4289 | D:6      | Slain by an ogre

Skill      XL: |  1  2  3  4  5  6  7  8 |
---------------+-------------------------+-----
Charms         | 3 4 5 |  5.2
Dodging        | 2 3 4 |  4.4
Polearms       | 3 4 5 |  5.1
Spellcasting   | 3 |  3.8
Fighting       | 3 4 |  4.0
Invocations    | 1 2 3 |  3.1
Stealth        | |  0.4

Action                   |  1- 3 |  4- 6 |  7- 9 || total
-------------------------+-------+-------+-------++-------
Melee: Spear             |   130 |   234 |       ||   364
       Tailslap          |    11 |    26 |    10 ||    47
       Mace              |       |    22 |   102 ||   124
 Cast: Infusion          |     1 |     4 |       ||     5
       Spectral Weapon   |       |       |     1 ||     1
  Use: Scroll            |       |    10 |     1 ||    11
 Stab: Sleeping          |     5 |     1 |     1 ||     7
       Distracted        |     1 |       |       ||     1
  Eat: Chunk             |     2 |     4 |     6 ||    12
Armor: Skin              |    20 |    67 |    35 ||   122
Dodge: Dodged            |    59 |   152 |    91 ||   302
